AoeStats
← kauchi1

QS Arena

503396925Analyzed
2v2 RM · 1mo ago on Aug 31, 2026· 44m 14s· 4 players
Game mode
Random Map
Map size
Medium (4 player)
Population
200
Speed
Normal
Resources
Standard
Victory
Conquest
Starting age
Dark Age
Ending age
Imperial Age
RankedLock teamsTeams togetherTeam positionsShared explorationLock speedFull tech treeHidden civsTurbo modeCheats
Victory
Defeat
🇨🇳 Teutons · China
693
+8
🇮🇹 Khmer · Italy
666
+9
🇹🇷 Slavs · Türkiye
496
-8
🇧🇷 Malians · Brazil
493
-8
kauchi1
10:14 Feudal Age
11:23 Double-Bit Axe
14:50 Castle Age
12:59 Horse Collar
15:41 Bow Saw
18:13 Wheelbarrow
18:41 Gold Mining
20:36 Pikeman
23:12 Scale Barding Armor
23:09 Padded Archer Armor
24:59 Stone Mining
25:13 Murder Holes
29:23 Chain Barding Armor
30:05 Gold Shaft Mining
29:39 Caravan
30:21 Crossbowman
35:58 Heavy Plow
36:12 Fletching
36:38 Leather Archer Armor
42:25 Imperial Age
lipelpimentel
9:33 Feudal Age
17:15 Castle Age
15:21 Double-Bit Axe
16:17 Town Watch
19:31 Wheelbarrow
20:47 Man-at-Arms
26:46 Imperial Age
28:47 Hand Cart
30:08 Heavy Camel Rider
lanciotto
10:04 Feudal Age
11:27 Horse Collar
11:37 Double-Bit Axe
11:45 Stone Mining
13:52 Wheelbarrow
13:59 Gold Mining
19:36 Castle Age
20:50 Heavy Plow
21:04 Bow Saw
21:33 Stone Shaft Mining
21:36 Gold Shaft Mining
21:25 Hand Cart
25:46 Fortified Wall
25:57 Ballistics
25:28 Heated Shot
30:35 Imperial Age
28:19 Tusk Swords
29:05 Padded Archer Armor
28:56 Fletching
29:34 Pikeman
30:48 Halberdier
31:52 Conscription
34:30 Chemistry
38:16 Double Crossbow
43:19 Crop Rotation
44:00 Elite Battle Elephant
南方cold
1:57 Loom
12:01 Feudal Age
15:32 Double-Bit Axe
17:49 Castle Age
15:43 Horse Collar
18:47 Heavy Plow
19:01 Bow Saw
24:53 Gold Mining
24:53 Stone Mining
27:13 Fletching
30:26 Forging
30:16 Scale Mail Armor
30:18 Squires
31:50 Wheelbarrow
31:54 Ironclad
34:34 Imperial Age
33:38 Hand Cart
36:19 Chemistry
35:39 Ballistics
35:18 Bodkin Arrow
36:06 Stone Shaft Mining
36:33 Two-Man Saw
36:06 Crop Rotation
36:33 Conscription
37:22 Iron Casting
37:02 Chain Mail Armor
36:30 Capped Ram
37:25 Pikeman
40:03 Blast Furnace
39:33 Plate Mail Armor
40:38 Hoardings
40:26 Arson
41:12 Crenellations
41:07 Siege Engineers
40:55 Guard Tower
40:51 Arrowslits
40:45 Halberdier
42:16 Elite Teutonic Knight
44:29 Keep
44:06 Masonry
Connection lost

Rejoining the realm…

Still unreachable

The connection could not be restored.

Session expired

The server has moved on; the page needs a fresh start.